 Dungeon Crawl Stone Soup version 0.29-a0-9-g022ca4c890 (webtiles) character file.

Game seed: 10385497811737991781

61 Grim the Cudgeller (level 3, -4/31 HPs)
             Began as a Minotaur Berserker on Jan 28, 2022.
             Was a Believer of Trog.
             Slain by a gnoll (6 damage)
             ... on level 2 of the Dungeon.
             The game lasted 00:01:30 (1032 turns).

Grim the Cudgeller (Minotaur Berserker)             Turns: 1032, Time: 00:01:31

Health: -4/31      AC:  2    Str: 21    XL:     3   Next: 83%
Magic:  2/2        EV: 12    Int:  6    God:    Trog [**....]
Gold:   0          SH:  0    Dex:  9    Spells: 2/2 levels left

rFire   . . .      SeeInvis .   a - +0 mace
rCold   . . .      Faith    .   (no shield)
rNeg    . . .      Spirit   .   b - +0 animal skin
rPois   .          Reflect  .   (helmet restricted)
rElec   .          Harm     .   (no cloak)
rCorr   .          Rampage  .   (no gloves)
Will    .....                   (no boots)
Stlth   +.........              (no amulet)
HPRegen 0.10/turn               (no ring)
MPRegen 0.08/turn               (no ring)

@: on berserk cooldown, slowed, very slow
A: horns 2, retaliatory headbutt
a: Renounce Religion, Berserk, Trog's Hand


You were on level 2 of the Dungeon.
You worshipped Trog.
Trog was pleased with you.
You visited 1 branch of the dungeon, and saw 2 of its levels.

Inventory:

Hand Weapons
 a - a +0 mace (weapon)
Missiles
 h - 81 stones (quivered)
Armour
 b - a +0 animal skin (worn)
Scrolls
 c - a scroll of silence {unknown}
 e - a scroll of enchant weapon {unknown}
 f - a scroll of identify {unknown}
 i - a scroll of amnesia {unknown}
 j - a scroll of brand weapon {unknown}
 k - a scroll of teleportation {unknown}
 l - a scroll of magic mapping {unknown}
Potions
 d - a potion of resistance {unknown}
 g - a potion of degeneration {unknown}


   Skills:
 - Level 3.6 Fighting
 + Level 5.8 Maces & Flails
 - Level 2.4 Armour
 - Level 2.1 Dodging


You had 2 spell levels left.
You didn't know any spells.
Your spell library was empty.

Dungeon Overview and Level Annotations

Branches:
Dungeon (2/15)

Altars:

Shops:
D:1 (


Innate Abilities, Weirdness & Mutations

You have a pair of horns on your head.
You reflexively headbutt those who attack you in melee.


Message History

* * * LOW HITPOINT WARNING * * *
You are too injured to fight recklessly!
You are too injured to fight recklessly!
A red film seems to cover your vision as you go berserk!
You feel yourself moving faster!
You feel mighty!
A gnoll comes into view. It is wielding a +0 flail.
The gnoll hits you with a +0 spear.
* * * LOW HITPOINT WARNING * * *
The gnoll hits you with a +0 club!
* * * LOW HITPOINT WARNING * * *
The gnoll shouts!
You hit the gnoll.
The gnoll is moderately wounded.
The gnoll closely misses you. The gnoll hits you with a +0 club.
* * * LOW HITPOINT WARNING * * *
You hit the gnoll.
The gnoll is severely wounded.
A gnoll comes into view. It is wielding a +0 spear.
You hit the gnoll.
You kill the gnoll!
Trog accepts your kill. The gnoll hits you with a +0 club.
* * * LOW HITPOINT WARNING * * *
You barely miss the gnoll. You headbutt the gnoll.
The gnoll is lightly wounded.
The gnoll hits you with a +0 club.
* * * LOW HITPOINT WARNING * * *
You barely miss the gnoll. You headbutt the gnoll!
You kill the gnoll!
Trog accepts your kill.
You feel a strong urge to attack something.
You feel your anger nearly subside.
You are no longer berserk.
You are exhausted.
You feel yourself slow down.
Things that are here:
a +0 dagger; a goblin corpse The gnoll barely misses you.
The gnoll barely misses you. The gnoll closely misses you.
The gnoll hits you with a +0 flail.
You die...

#####. #.##g##.....
..... #.#.#.#..#
...##..##..###...#
....g.))..#####).##.
...##.)###.....#.##.
#............##.##
##.####g..#####..#
........######...
#.......g@...##.#
############.##.#####
#............#
#.###.##.###<#
#.#...##.###.
#.#..........
#.#..........
#...####>#### #####
#.#


You could see 2 gnolls.

Vanquished Creatures
  2 gnolls (D:2)
  A worm (D:2)
  4 dart slugs (D:1)
  2 ball pythons (D:1)
  2 endoplasms (D:1)
  5 goblins
  3 hobgoblins (D:1)
  2 quokkas (D:1)
  A bat (D:1)
  2 frilled lizards (D:1)
  5 kobolds
  3 rats (D:1)
32 creatures vanquished.

Notes
Turn   | Place    | Note
-------+----------+-------------------------------------------
     0 | D:1      | Grim the Minotaur Berserker began the quest for the Orb.
     0 | D:1      | Reached XP level 1. HP: 19/19 MP: 0/0
    76 | D:1      | Reached skill level 4 in Maces & Flails
   159 | D:1      | Reached XP level 2. HP: 24/26 MP: 1/1
   328 | D:1      | Found a faded altar of an unknown god.
   338 | D:1      | Reached skill level 5 in Maces & Flails
   570 | D:1      | Reached XP level 3. HP: 31/31 MP: 2/2
   837 | D:1      | Reached ** piety under Trog
   886 | D:1      | Found Kecherebb's Weapon Shop.
  1016 | D:2      | HP: 1/46 [gnoll (2)]
  1032 | D:2      | Slain by a gnoll

Illustrated notes

Levels and vault maps discovered:
D:1:      lightli_molten_gateway, layout_basic,
          hellmonk_ecumenical_altar_leap_of_faith, serial_shops, shop
D:2:      layout_loops_ring, serial_shops, nicolae_shop_behind_doors,
          minmay_small_reverse_x

Skill      XL: |  1  2 |
---------------+-------+-----
Maces & Flails | 4 5 |  5.8
Fighting       | |  3.6
Armour         | |  2.4
Dodging        | |  2.1

Action                   || total
-------------------------++-------
Melee: Mace              ||    65
       Headbutt          ||    12
       Punch             ||     1
Invok: Berserk           ||     1
Armor: Animal skin       ||     9
Dodge: Dodged            ||    47

Table legend: (Time is in decaauts)
 A = Elapsed time spent in this place.
 B = Non-inter-level travel time spent in this place.
 C = Inter-level travel time spent in this place.
 D = Time resting spent in this place.
 E = Time spent auto-exploring this place.
 F = Levels seen in this place.
 G = Mean time per level.
                   A        B        C        D        E       F      G
               +--------+--------+--------+--------+--------+-----+--------+
         Total |   1044 |   1022 |     22 |      0 |    835 |   2 |  522.0 |
       Dungeon |   1044 |   1022 |     22 |      0 |    835 |   2 |  522.0 |
               +--------+--------+--------+--------+--------+-----+--------+

Top non-repeatable levels by time:
     D:1: 970 daAuts
     D:2: 73 daAuts
